 Dungeon Crawl Stone Soup version 0.23-a0-171-g5ae17c6 (webtiles) character file.

294 grindst0ne the Shield-Bearer (level 6, -17/49 HPs)
             Began as a Mummy Fighter on Sept 12, 2018.
             Demolished by an ogre
             ... wielding a +0 giant club
              (25 damage)
             ... on level 4 of the Dungeon.
             The game lasted 00:05:41 (2671 turns).

grindst0ne the Shield-Bearer (Mummy Fighter)        Turns: 2671, Time: 00:05:42

Health: -17/49     AC:  8    Str: 21    XL:     6   Next: 11%
Magic:  6/6        EV:  4    Int:  8    God:
Gold:   195        SH: 10    Dex: 11    Spells: 5/5 levels left

rFire    x . .     SeeInvis .   a - +0 war axe
rCold    + . .     Gourm    .   c - +0 shield
rNeg     + + +     Faith    .   b - +0 scale mail
rPois    ∞         Spirit   .   j - +0 hat
rElec    .         Reflect  .   e - +0 cloak
rCorr    .         Harm     .   d - +0 pair of gloves
MR       .....                  (no boots)
Stlth    ..........             (no amulet)
HPRegen  0.16/turn              (no ring)
MPRegen  0.10/turn              (no ring)

@: constricted
A: no food or potions, fire vulnerability, cold resistance 1, negative energy
resistance 3, torment resistance, unbreathing
a: no special abilities


You were on level 4 of the Dungeon.
You were not hungry.

You visited 1 branch of the dungeon, and saw 4 of its levels.

You collected 195 gold pieces.

Inventory:

Hand Weapons
 a - a +0 war axe (weapon)
Armour
 b - a +0 scale mail (worn)
 c - a +0 shield (worn)
 d - a +0 pair of gloves (worn)
 e - a +0 cloak (worn)
 j - a +0 hat (worn)
Scrolls
 f - 2 scrolls of teleportation
 g - a scroll of blinking
 h - a scroll of remove curse
 i - a scroll of noise {unknown}
 k - a scroll of fear {unknown}
 l - a scroll of immolation {unknown}


   Skills:
 + Level 4.7 Fighting
 - Level 1.5 Axes
 - Level 2.4 Armour
 * Level 4.8 Shields


You had 5 spell levels left.
You didn't know any spells.
Your spell library contained the following spells:

 Spells                   Type           Power        Failure   Level  Hunger
 Magic Dart               Conj           #...         99%         1    N/A
 Blink                    Tloc           N/A          100%        2    N/A
 Call Imp                 Summ           #.......     100%        2    N/A
 Slow                     Hex            #.......     100%        2    N/A
 Conjure Flame            Conj/Fire      #.......     100%        3    N/A
 Mephitic Cloud           Conj/Pois/Air  #.......     100%        3    N/A

Dungeon Overview and Level Annotations

Branches:
Dungeon (4/15)
 Temple: D:4-7

Altars:
Ru

Annotations:
D:1 exclusion: 2 downstairs


Innate Abilities, Weirdness & Mutations

You do not eat or drink.
Your flesh is vulnerable to fire.
You are immune to poison.
Your flesh is cold resistant. (rC+)
You are immune to negative energy. (rN+++)
You are immune to unholy pain and torment.
You can survive without breathing.


Message History

You hit the ogre.
The ogre is heavily wounded.
You barely miss the ball python.
The ball python bites you but does no damage.
The ball python constricts you. The ogre hits you with a giant club.
* * * LOW HITPOINT WARNING * * *
You hit the ogre.
The ogre is heavily wounded.
You hit the ball python.
The ball python bites you but does no damage.
* * * LOW HITPOINT WARNING * * *
The ball python constricts you. The ball python barely misses you.
The ball python constricts you. You block the ogre's attack.
You hit the ogre.
The ogre is severely wounded.
Your shield and scale mail prevent you from hitting the ball python.
The ball python bites you but does no damage.
The ball python constricts you. The ogre hits you with a giant club!!
Ouch! That really hurt!
You die...

... .... #...# #..
.< ..#..####.# #.#
....#....###....
#.............. #
#........#.....
#.##.......#......
#........O.S......
#.....÷[..@.......
.......<..>...#...
..........?..## .
.............#
.....![.......#
..)...........#
..............#
...#..........#
##.#........%..


You could see an ogre and a ball python.

Vanquished Creatures
  A phantom (D:3)
  2 orc wizards (D:3)
  Jessica (D:2)
  4 adders
  2 worms (D:2)
  3 dart slugs
  A leopard gecko (D:1)
  7 orcs
  2 giant cockroaches
  7 goblins
  8 hobgoblins
  5 kobolds
  2 ball pythons
  12 bats
  7 frilled lizards
  8 rats
72 creatures vanquished.

Notes
Turn   | Place    | Note
-------+----------+-------------------------------------------
     0 | D:1      | grindst0ne the Mummy Fighter began the quest for the Orb.
     0 | D:1      | Reached XP level 1. HP: 18/18 MP: 1/1
    86 | D:1      | Reached XP level 2. HP: 15/24 MP: 2/2
   442 | D:1      | Reached XP level 3. HP: 29/29 MP: 3/3
   553 | D:2      | Noticed Jessica
   690 | D:2      | Killed Jessica
   697 | D:2      | Reached XP level 4. HP: 32/37 MP: 4/4
  1932 | D:3      | Found a sacrificial altar of Ru.
  2058 | D:3      | Reached XP level 5. HP: 42/42 MP: 5/5
  2201 | D:4      | Noticed a phantom
  2335 | D:4      | Noticed an ogre
  2404 | D:3      | Killed a phantom
  2404 | D:3      | Reached XP level 6. HP: 10/49 MP: 6/6
  2671 | D:4      | Demolished by an ogre

Vault maps used:
D:1:      roderic_chinese_lattice_arrival
D:2:      serial_corexii_hall, corexii_hall_statues_i, corexii_hall_statues_u,
          uniq_jessica
D:3:      nicolae_ru_the_path_less_chosen, first_ration
D:4:      kennysheep_generic_room_10, uniq_edmund

Skill      XL: |  1  2  3  4 |
---------------+-------------+-----
Shields        | 3 4 |  4.8
Fighting       | 4 |  4.7
Axes           | |  1.5
Armour         | |  2.4

Action                   |  1- 3 |  4- 6 || total
-------------------------+-------+-------++-------
Melee: War axe           |   125 |   180 ||   305
Throw: Throwing net      |       |     1 ||     1
  Use: Scroll            |       |     4 ||     4
 Stab: Held in net/web   |       |     1 ||     1
Armor: Scale mail        |    73 |   100 ||   173
Dodge: Dodged            |    58 |    69 ||   127
Block: Shield            |    76 |   114 ||   190

Table legend:
 A = Non-vault XP
 B = Vault XP
 C = Vault XP percentage of total XP
 D = Non-vault monster count
 E = Vault monster count
 F = Vault count percentage of total count
                 A         B        C        D         E       F
            +---------+---------+-------+---------+---------+-------
      Total |     383 |      37 |   8.8 |      71 |       1 |   1.4
            +---------+---------+-------+---------+---------+-------
        D:1 |      57 |       0 |   0.0 |      28 |       0 |   0.0
        D:2 |      88 |      37 |  29.6 |      25 |       1 |   3.8
        D:3 |     232 |       0 |   0.0 |      16 |       0 |   0.0
        D:4 |       6 |       0 |   0.0 |       2 |       0 |   0.0
            +---------+---------+-------+---------+---------+-------
